 Dungeon Crawl Stone Soup version 0.29-a0-323-g050149af67 (webtiles) character file.

Game seed: 12767002338704547058

138 kae the Gusty (level 5, 0/45 HPs)
             Began as an Ogre Air Elementalist on Apr 11, 2022.
             Slain by Natasha (4 damage)
             ... on level 3 of the Dungeon.
             The game lasted 00:02:17 (3721 turns).

kae the Gusty (Ogre Air Elementalist)               Turns: 3721, Time: 00:02:17

Health: 0/45       AC:  4    Str: 12    XL:     5   Next: 21%
Magic:  6/10       EV:  9    Int: 18    God:
Gold:   132        SH:  0    Dex:  9    Spells: 5/11 levels left

rFire   . . .      SeeInvis .   g - +0 dagger (flame)
rCold   . . .      Faith    .   (no shield)
rNeg    . . .      Spirit   .   a - +1 robe
rPois   .          Reflect  .   (helmet restricted)
rElec   .          Harm     .   (no cloak)
rCorr   .          Rampage  .   (gloves unavailable)
Will    .....                   (boots unavailable)
Stlth   +.........              (no amulet)
HPRegen 0.15/turn               (no ring)
MPRegen 0.12/turn               (no ring)

@: brilliant
A: large, unfitting armour, tough skin 1
a: no special abilities


You were on level 3 of the Dungeon.
You visited 1 branch of the dungeon, and saw 3 of its levels.

You collected 132 gold pieces.

Inventory:

Hand Weapons
 g - a +0 dagger of flaming (weapon)
Armour
 a - a +1 robe (worn)
Jewellery
 c - a ring of positive energy
Scrolls
 d - 2 scrolls of magic mapping
Potions
 b - a potion of magic
 i - a potion of flight
 k - 2 potions of invisibility
 l - a potion of ambrosia
 q - 2 potions of resistance {unknown}


   Skills:
 - Level 1.7 Dodging
 - Level 1.4 Stealth
 + Level 3.5 Spellcasting
 + Level 2.2 Conjurations
 * Level 4.1 Air Magic


You had 5 spell levels left.
You knew the following spells:

 Your Spells              Type           Power      Damage    Failure   Level
a - Shock                 Conj/Air       88%        1d8       4%          1
b - Static Discharge      Conj/Air       22%        N/A       6%          2
c - Swiftness             Air            27%        N/A       9%          3

Your spell library contained the following spells:

 Spells                   Type           Power      Damage    Failure   Level
 Airstrike                Air            13%        N/A       28%         4
 Summon Guardian Golem    Hex/Summ       4%         N/A       43%         3
 Orb of Destruction       Conj           8%         9d6       100%        7
 Spellforged Servitor     Conj/Summ      5%         N/A       100%        7


Dungeon Overview and Level Annotations

Branches:
Dungeon (3/15)

Altars:

Annotations:
D:3 Natasha


Innate Abilities, Weirdness & Mutations

You are too large for most types of armour.
You have tough skin. (AC +1)


Message History

The zap hits Natasha.
Natasha is almost dead.
Natasha stares at you and mumbles some strange words.
You resist with some effort. Natasha casts a spell at you.
You resist with some effort.
Casting: Shock (safe; 4% risk of failure)
Confirm with . or Enter, or press ? or * to list all spells.
Aiming: Shock (safe; 4% risk of failure)
Press: ? - help, Shift-Dir - straight line, f/p - Natasha
Aim: Natasha (almost dead, 64% to hit)
The zap misses Natasha.
Natasha claws you.
* * * LOW HITPOINT WARNING * * *
Casting: Shock (safe; 4% risk of failure)
Confirm with . or Enter, or press ? or * to list all spells.
Aiming: Shock (safe; 4% risk of failure)
Press: ? - help, Shift-Dir - straight line, f/p - Natasha
Aim: Natasha (almost dead, 64% to hit)
The zap hits Natasha.
You kill Natasha!
Natasha screams in fury as she dies!
You have reached level 5!
Natasha, Servant of Life and Death comes into view.
Natasha hisses angrily.
You feel yourself speed up.
Okay, then.
Okay, then.
It was a potion of attraction.
You feel attractive to monsters. Natasha is attracted toward you.
It was a potion of cancellation.
Your magical effects are unravelling.
You feel magically purged.
Natasha mumbles some strange words.
Natasha shimmers violently.
Natasha claws you but does no damage.
You feel less attractive to monsters.
It was a potion of brilliance.
You feel clever all of a sudden. Natasha claws you.
You die...

## ##########.# #.
#.....†....# #.#
#.####†...... #.# #@#
....... #.###h# .......
#########.....# .......
#..........#######....>..
#..........#...>.#.......
#............###.#.......
#.....†....#####)#
##'#####.h.......# #[#
#.#########


You could see Natasha.

Vanquished Creatures
  Natasha (D:3)
  Robin (D:2)
  A gnoll (D:2)
  3 adders (D:2)
  A worm (D:2)
  3 dart slugs (D:1)
  9 ball pythons
  3 bats (D:2)
  2 endoplasms
  A giant cockroach (D:1)
  13 goblins
  5 hobgoblins
  2 jackals (D:2)
  2 quokkas (D:2)
  4 frilled lizards
  A kobold (D:1)
  A rat (D:3)
53 creatures vanquished.

Notes
Turn   | Place    | Note
-------+----------+-------------------------------------------
     0 | D:1      | kae the Ogre Air Elementalist began the quest for the Orb.
     0 | D:1      | Reached XP level 1. HP: 16/16 MP: 3/3
    72 | D:1      | Reached skill level 1 in Conjurations
   244 | D:1      | Reached XP level 2. HP: 24/24 MP: 3/5
   279 | D:1      | Reached skill level 3 in Air Magic
   455 | D:1      | Found a faded altar of an unknown god.
  1015 | D:1      | Reached XP level 3. HP: 31/31 MP: 7/7
  1018 | D:1      | Learned a level 2 spell: Static Discharge
  1346 | D:2      | Learned a level 3 spell: Swiftness
  1729 | D:2      | Reached XP level 4. HP: 38/39 MP: 5/8
  2693 | D:2      | Noticed Robin
  2941 | D:2      | Killed Robin
  3305 | D:2      | Reached skill level 4 in Air Magic
  3677 | D:3      | Noticed Natasha
  3694 | D:3      | HP: 1/39 [Natasha (4)]
  3704 | D:3      | HP: 1/39 [Natasha (4)]
  3707 | D:3      | Killed Natasha
  3708 | D:3      | Reached XP level 5. HP: 1/45 MP: 4/10
  3715 | D:3      | Noticed Natasha
  3721 | D:3      | Slain by Natasha

Illustrated notes

Levels and vault maps discovered:
D:1:      dpeg_arrival_fog, layout_basic, shapermc_ecumenical_altar_flowoftime
D:2:      wad_crossroads, layout_loops_ring, serial_co_window_serial,
          co_window_paths_a, co_window_cross_1, co_window_corner_a,
          co_window_paths_a, co_window_corner_a, co_window_2corner,
          co_window_of_opportunity_b, co_window_unsneaky_path_e,
          co_window_paths_c, co_window_of_opportunity_b,
          co_window_of_opportunity_b, co_window_2corner, co_window_paths_e,
          glass_columns_a, glass_columns_a, glass_columns_a, st_stairs_3,
          minmay_tall_x, uniq_robin
D:3:      layout_basic, serial_shops, shop, nicolae_shop_hallway_plus,
          uniq_ijyb, uniq_natasha, uniq_jessica

Skill      XL: |  1  2  3  4 |
---------------+-------------+-----
Conjurations   | 1 2 |  2.2
Air Magic      | 3 4 |  4.1
Spellcasting   | 3 |  3.5
Dodging        | |  1.7
Stealth        | |  1.4

Action                   |  1- 3 |  4- 6 || total
-------------------------+-------+-------++-------
Melee: Unarmed           |    11 |       ||    11
       Dagger            |    10 |    24 ||    34
 Cast: Shock             |    50 |    43 ||    93
       Static Discharge  |       |    15 ||    15
  Use: Scroll            |     6 |     5 ||    11
       Potion            |       |     5 ||     5
 Stab: Sleeping          |     1 |       ||     1
Armor: Robe              |     7 |    23 ||    30
Dodge: Dodged            |     8 |    30 ||    38

Table legend: (Time is in decaauts)
 A = Elapsed time spent in this place.
 B = Non-inter-level travel time spent in this place.
 C = Inter-level travel time spent in this place.
 D = Time resting spent in this place.
 E = Time spent auto-exploring this place.
 F = Levels seen in this place.
 G = Mean time per level.
                   A        B        C        D        E       F      G
               +--------+--------+--------+--------+--------+-----+--------+
         Total |   3736 |   3602 |    134 |    329 |   2899 |   3 | 1245.3 |
       Dungeon |   3736 |   3602 |    134 |    329 |   2899 |   3 | 1245.3 |
               +--------+--------+--------+--------+--------+-----+--------+

Top non-repeatable levels by time:
     D:2: 2161 daAuts
     D:1: 1469 daAuts
     D:3: 105 daAuts
